AoeStats
← PiroTrix

Arabia

510179303Analyzed
1v1 RM · 3d ago on Sep 29, 2026· 87m 7s· 2 players
Game mode
Random Map
Map size
Tiny (2 player)
Population
200
Speed
Normal
Resources
Standard
Victory
Conquest
Starting age
Dark Age
Ending age
Imperial Age
RankedLock teamsTeams togetherTeam positionsShared explorationLock speedFull tech treeHidden civsTurbo modeCheats
Victory
Defeat
🇨🇱 Sicilians · Chile
629
+16
🇨🇱 Franks · Chile
623
-16
PiroTrix
10:44 Feudal Age
11:14 Double-Bit Axe
20:39 Castle Age
21:29 Forging
21:25 Scale Barding Armor
22:35 Husbandry
32:53 Stone Mining
35:32 Wheelbarrow
42:54 Padded Archer Armor
42:49 Fletching
44:44 Hand Cart
47:04 Bow Saw
48:15 Iron Casting
47:40 Scale Mail Armor
47:43 Padded Archer Armor
47:33 Fletching
47:23 Pikeman
49:11 Chain Barding Armor
49:03 Squires
51:22 Chain Mail Armor
56:58 Bodkin Arrow
57:19 Leather Archer Armor
57:37 Elite Skirmisher
62:55 Town Watch
76:02 Imperial Age
77:50 Cavalier
79:00 Gold Mining
RaudalAtrevido
10:31 Feudal Age
11:05 Horse Collar
12:29 Double-Bit Axe
16:11 Loom
17:02 Wheelbarrow
16:16 Man-at-Arms
16:50 Arson
17:40 Forging
17:47 Scale Mail Armor
24:09 Castle Age
24:19 Long Swordsman
24:45 Gambesons
25:01 Squires
26:39 Iron Casting
27:10 Chain Mail Armor
28:39 Bow Saw
28:37 Heavy Plow
30:24 Hand Cart
30:19 Pikeman
32:10 Stone Mining
34:36 Murder Holes
35:03 Ballistics
34:54 Masonry
36:16 Stone Shaft Mining
35:28 Town Watch
43:38 Town Patrol
51:23 First Crusade
55:37 Imperial Age
55:11 Gold Mining
57:41 Chemistry
57:50 Blast Furnace
65:22 Halberdier
66:35 Plate Mail Armor
67:34 Crop Rotation
67:42 Elite Serjeant
69:43 Gold Shaft Mining
70:44 Conscription
74:03 Fletching
74:14 Padded Archer Armor
74:03 Crossbowman
74:04 Elite Skirmisher
74:51 Arbalester
75:33 Bodkin Arrow
75:54 Leather Archer Armor
78:49 Bracer
85:49 Cranequins
Connection lost

Rejoining the realm…

Still unreachable

The connection could not be restored.

Session expired

The server has moved on; the page needs a fresh start.